NCAA
FLORIDA GATORS @ CONNECTICUT HUSKIES
04/06/2026
 
TOP OF THE 1ST
Florida Gators batting - Pitching for Connecticut Huskies : RHP Scott King
Pitching: RHP Scott King
Batting: RHB Stephen Black 0-0: Ball
1-0: Bunt missed!
1-1: Fly out, F7 (Flyball, 7S)
Batting: RHB Seth Burgess 0-0: Ground out 1-3 (Groundball, 13S)
Batting: RHB Butch Richardson 0-0: Ball
1-0: Foul Ball, location: 2F
1-1: Fly out, F9 (Flyball, 9M)
Top of the 1st over - 0 run(s), 0 hit(s), 0 error(s), 0 left on base; Florida 0 - Connecticut 0
BOTTOM OF THE 1ST
Connecticut Huskies batting - Pitching for Florida Gators : RHP Dustin Lynch
Pitching: RHP Dustin Lynch
Batting: RHB Jake Osborn 0-0: Called Strike
0-1: Ball
1-1: Reached on Error, E7 (Flyball, 78M)
Batting: RHB Thomas Moore 0-0: Ball
1-0: Called Strike
1-1: Foul Ball, location: 2F
1-2: Fly out, F8 (Flyball, 8LXD)
Batting: LHB Arthur MacDonald 0-0: Ball
Jake Osborn is caught stealing 2nd base
1-0: Called Strike
1-1: Ball
2-1: SOLO HOME RUN (Flyball, 89XD), Distance : 376 ft
Batting: RHB Carlos Marino 0-0: Called Strike
0-1: Ball
1-1: Foul Ball, location: 2F
1-2: Strikes out swinging
Bottom of the 1st over - 1 run(s), 1 hit(s), 1 error(s), 0 left on base; Florida 0 - Connecticut 1
TOP OF THE 2ND
Florida Gators batting - Pitching for Connecticut Huskies : RHP Scott King
Batting: RHB Jon Newsome 0-0: Called Strike
0-1: Ball
1-1: Fly out, F6 (Line Drive, 6)
Batting: RHB Luis Morales 0-0: SINGLE (Line Drive, 78S)
Batting: LHB Xavier Rivera 0-0: Ball
1-0: Ball
2-0: Ball
3-0: Called Strike
3-1: Called Strike
3-2: Foul Ball, location: 2F
3-2: Strikes out swinging
Batting: RHB Manny Gutiérrez 0-0: Ball
1-0: Fly out, F8 (Flyball, 8RM)
Top of the 2nd over - 0 run(s), 1 hit(s), 0 error(s), 1 left on base; Florida 0 - Connecticut 1
BOTTOM OF THE 2ND
Connecticut Huskies batting - Pitching for Florida Gators : RHP Dustin Lynch
Batting: RHB Eric Black 0-0: Fly out, F6 (Popup, 6M)
Batting: RHB Lewis Rich 0-0: Ball
1-0: Foul Ball, location: 2F
1-1: Ball
2-1: Ball
3-1: Base on Balls
Batting: RHB Terry Dalton 0-0: Ball
1-0: Called Strike
1-1: Foul Ball, location: 2F
1-2: Strikes out swinging
Batting: RHB Michael Cobb 0-0: Ball
1-0: Foul Ball, location: 2F
1-1: Fly out, F2 (Popup, 2LF)
Bottom of the 2nd over - 0 run(s), 0 hit(s), 0 error(s), 1 left on base; Florida 0 - Connecticut 1
TOP OF THE 3RD
Florida Gators batting - Pitching for Connecticut Huskies : RHP Scott King
Batting: SHB Pedro Rodríguez 0-0: Ball
1-0: Ball
2-0: Fly out, F5 (Popup, 5L)
Batting: RHB Marshall Normore 0-0: Called Strike
0-1: Swinging Strike
0-2: Strikes out swinging
Batting: RHB Stephen Black 0-0: Fly out, F7 (Flyball, 78M)
Top of the 3rd over - 0 run(s), 0 hit(s), 0 error(s), 0 left on base; Florida 0 - Connecticut 1
BOTTOM OF THE 3RD
Connecticut Huskies batting - Pitching for Florida Gators : RHP Dustin Lynch
Batting: RHB Ed Gaston 0-0: Ball
1-0: SINGLE (Groundball, 56D)
Batting: RHB Jake Osborn 0-0: Called Strike
Ed Gaston steals 2nd base
0-1: Swinging Strike
0-2: Ball
1-2: Strikes out looking
Batting: RHB Thomas Moore 0-0: Foul Ball, location: 2F
0-1: Ball
1-1: Ball
2-1: Fly out, F8 (Flyball, 8RS)
Batting: LHB Arthur MacDonald 0-0: Ground out 2-3 (Groundball, 2R)
Bottom of the 3rd over - 0 run(s), 1 hit(s), 0 error(s), 1 left on base; Florida 0 - Connecticut 1
TOP OF THE 4TH
Florida Gators batting - Pitching for Connecticut Huskies : RHP Scott King
Batting: RHB Seth Burgess 0-0: Ball
1-0: Ball
2-0: Fly out, F8 (Flyball, 8LM)
Batting: RHB Butch Richardson 0-0: Ball
1-0: Ball
2-0: Ground out 6-3 (Groundball, 6)
Batting: RHB Jon Newsome 0-0: Ball
1-0: Foul Ball, location: 2F
1-1: Called Strike
1-2: Strikes out swinging
Top of the 4th over - 0 run(s), 0 hit(s), 0 error(s), 0 left on base; Florida 0 - Connecticut 1
BOTTOM OF THE 4TH
Connecticut Huskies batting - Pitching for Florida Gators : RHP Dustin Lynch
Batting: RHB Carlos Marino 0-0: Ball
1-0: Fly out, F9 (Flyball, 9M)
Batting: RHB Eric Black 0-0: Fly out, F8 (Flyball, 8RM)
Batting: RHB Lewis Rich 0-0: Ball
1-0: Called Strike
1-1: Foul Ball, location: 2F
1-2: Ball
2-2: Fly out, F6 (Line Drive, 6)
Bottom of the 4th over - 0 run(s), 0 hit(s), 0 error(s), 0 left on base; Florida 0 - Connecticut 1
TOP OF THE 5TH
Florida Gators batting - Pitching for Connecticut Huskies : RHP Scott King
Batting: RHB Luis Morales 0-0: Called Strike
0-1: Called Strike
0-2: Fly out, F6 (Line Drive, 6M)
Batting: LHB Xavier Rivera 0-0: Ball
1-0: Called Strike
1-1: Swinging Strike
1-2: Strikes out swinging
Batting: RHB Manny Gutiérrez 0-0: Called Strike
0-1: Fly out, F7 (Flyball, 7M)
Top of the 5th over - 0 run(s), 0 hit(s), 0 error(s), 0 left on base; Florida 0 - Connecticut 1
BOTTOM OF THE 5TH
Connecticut Huskies batting - Pitching for Florida Gators : RHP Dustin Lynch
Batting: RHB Terry Dalton 0-0: Ball
1-0: Called Strike
1-1: Called Strike
1-2: Foul Ball, location: 2F
1-2: Ball
2-2: Foul Ball, location: 2F
2-2: Ball
3-2: Strikes out swinging
Batting: RHB Michael Cobb 0-0: Ball
1-0: Called Strike
1-1: Ball
2-1: Reached on error, E5 (Groundball, 56)
Batting: RHB Ed Gaston 0-0: Ball
1-0: Called Strike
1-1: Reached on error, E4 (Groundball, 4)
Michael Cobb to second
Batting: RHB Jake Osborn 0-0: SINGLE (Groundball, 4M)
Michael Cobb to third
Ed Gaston to second
Runner from 3rd tries for Home, SAFE, throw made home
Ed Gaston to third
Jake Osborn to second
Batting: RHB Thomas Moore 0-0: Ball
1-0: Swinging Strike
1-1: Ball
2-1: SINGLE (Flyball, 56D)
Ed Gaston scores
Jake Osborn to third
Batting: LHB Arthur MacDonald 0-0: Fielders Choice at 2nd, 6-4 (Groundball, 6M)
Jake Osborn scores
Batting: RHB Carlos Marino 0-0: Fly out, F8 (Flyball, 8LM)
Bottom of the 5th over - 3 run(s), 2 hit(s), 2 error(s), 1 left on base; Florida 0 - Connecticut 4
TOP OF THE 6TH
Florida Gators batting - Pitching for Connecticut Huskies : RHP Scott King
Batting: SHB Pedro Rodríguez 0-0: Ball
1-0: Bunt missed!
1-1: Swinging Strike
1-2: Strikes out swinging
Batting: RHB Marshall Normore 0-0: Ball
1-0: Foul Ball, location: 2F
1-1: Fly out, F8 (Flyball, 8RM)
Batting: RHB Stephen Black 0-0: Ball
1-0: Ground out 5-3 (Groundball, 5L)
Top of the 6th over - 0 run(s), 0 hit(s), 0 error(s), 0 left on base; Florida 0 - Connecticut 4
BOTTOM OF THE 6TH
Connecticut Huskies batting - Pitching for Florida Gators : RHP Dustin Lynch
Batting: RHB Eric Black 0-0: Called Strike
0-1: Foul Ball, location: 2F
0-2: Foul Ball, location: 2F
0-2: Ball
1-2: Ball
2-2: Ball
3-2: Strikes out swinging
Batting: RHB Lewis Rich 0-0: Called Strike
0-1: Foul Ball, location: 2F
0-2: Ball
1-2: Foul Ball, location: 2F
1-2: Ball
2-2: Ground out 1-3 (Groundball, 13)
Batting: RHB Terry Dalton 0-0: Called Strike
0-1: Called Strike
0-2: Strikes out swinging
Bottom of the 6th over - 0 run(s), 0 hit(s), 0 error(s), 0 left on base; Florida 0 - Connecticut 4
TOP OF THE 7TH
Florida Gators batting - Pitching for Connecticut Huskies : RHP Scott King
Batting: RHB Seth Burgess 0-0: Ground out 5-3 (Groundball, 5S)
Batting: RHB Butch Richardson 0-0: SINGLE (Line Drive, 8LS)
Batting: RHB Jon Newsome 0-0: Ball
Butch Richardson steals 2nd base
1-0: Fly out, F7 (Flyball, 7M)
Batting: RHB Luis Morales 0-0: Ball
1-0: Ball
2-0: Ball
3-0: Base on Balls
Batting: LHB Xavier Rivera 0-0: Ball
1-0: Ball
2-0: Ball
3-0: Called Strike
3-1: Foul Ball, location: 2F
3-2: Strikes out swinging
Top of the 7th over - 0 run(s), 1 hit(s), 0 error(s), 2 left on base; Florida 0 - Connecticut 4
BOTTOM OF THE 7TH
Connecticut Huskies batting - Pitching for Florida Gators : RHP Dustin Lynch
Pitching: RHP Mike Walker
Batting: RHB Michael Cobb 0-0: Called Strike
0-1: Ball
1-1: Ground out 5-3 (Groundball, 5)
Batting: RHB Ed Gaston 0-0: Called Strike
0-1: Swinging Strike
0-2: Foul Ball, location: 2F
0-2: Ball
1-2: SINGLE (Line Drive, 8LS)
Batting: RHB Jake Osborn 0-0: Ball
Ed Gaston is caught stealing 2nd base
1-0: Called Strike
1-1: Foul Ball, location: 2F
1-2: Foul Ball, location: 2F
1-2: Ball
2-2: Ball
3-2: Base on Balls
Batting: RHB Thomas Moore 0-0: Ball
1-0: Ball
2-0: Ball
3-0: Called Strike
3-1: Base on Balls
Jake Osborn to second
Batting: LHB Arthur MacDonald 0-0: Ball
1-0: Ball
Error on foul ball, E9
2-1: Ball
3-1: Base on Balls
Jake Osborn to third
Thomas Moore to second
Batting: RHB Carlos Marino 0-0: Ball
1-0: Called Strike
1-1: Fly out, F8 (Flyball, 8LM)
Bottom of the 7th over - 0 run(s), 1 hit(s), 1 error(s), 3 left on base; Florida 0 - Connecticut 4
TOP OF THE 8TH
Florida Gators batting - Pitching for Connecticut Huskies : RHP Scott King
Batting: RHB Manny Gutiérrez 0-0: Fly out, F5 (Line Drive, 5)
Batting: SHB Pedro Rodríguez 0-0: Called Strike
0-1: Ball
1-1: Foul Ball, location: 2F
1-2: Ball
2-2: Foul Ball, location: 2F
2-2: Ball
3-2: Strikes out swinging
Batting: RHB Marshall Normore 0-0: Called Strike
0-1: Called Strike
0-2: Fly out, F4 (Popup, 34D)
Top of the 8th over - 0 run(s), 0 hit(s), 0 error(s), 0 left on base; Florida 0 - Connecticut 4
BOTTOM OF THE 8TH
Connecticut Huskies batting - Pitching for Florida Gators : RHP Mike Walker
Batting: RHB Eric Black 0-0: Foul Ball, location: 2F
0-1: Ball
1-1: Called Strike
1-2: SINGLE (Line Drive, 7LS)
Batting: RHB Lewis Rich 0-0: Ball
1-0: Ball
2-0: Ball
3-0: Called Strike
3-1: Foul Ball, location: 2F
3-2: Strikes out swinging
Pitching: LHP John Anthony
Batting: RHB Terry Dalton 0-0: Called Strike
0-1: Ball
1-1: Ball
2-1: Ball
3-1: Called Strike
3-2: Strikes out swinging
Batting: RHB Michael Cobb 0-0: Ball
1-0: Ball
2-0: Called Strike
2-1: SINGLE (Line Drive, 78S)
Eric Black to second
Batting: RHB Ed Gaston 0-0: 3-RUN HOME RUN (Flyball, 7D), Distance : 347 ft
Batting: RHB Jake Osborn 0-0: Ball
1-0: Called Strike
1-1: Foul Ball, location: 2F
1-2: Ball
2-2: Ball
3-2: Base on Balls
Batting: RHB Thomas Moore 0-0: Swinging Strike
0-1: Called Strike
0-2: Fielders Choice at 2nd, 6-4 (Groundball, 6)
Bottom of the 8th over - 3 run(s), 3 hit(s), 0 error(s), 0 left on base; Florida 0 - Connecticut 7
TOP OF THE 9TH
Florida Gators batting - Pitching for Connecticut Huskies : RHP Scott King
Pitching: RHP Mark Schmidt
Now in LF: Dalton Rowe
Batting: RHB Stephen Black 0-0: Ball
1-0: Ball
2-0: Called Strike
2-1: SINGLE (Groundball, 56) (infield hit)
Batting: RHB Seth Burgess 0-0: Ball
1-0: Ball
2-0: Ball
3-0: Called Strike
3-1: Base on Balls
Stephen Black to second
Batting: RHB Butch Richardson 0-0: Called Strike
0-1: Ball
1-1: Foul Ball, location: 2F
1-2: SINGLE (Groundball, 56D)
Stephen Black to third
Seth Burgess to second
Batting: RHB Jon Newsome 0-0: Called Strike
0-1: Ball
1-1: Ball
2-1: Ball
3-1: Base on Balls
Stephen Black scores
Seth Burgess to third
Butch Richardson to second
Batting: RHB Luis Morales 0-0: Ball
1-0: Called Strike
1-1: Ball
2-1: Fly out, F8 (Flyball, 8LM)
Batting: LHB Xavier Rivera 0-0: Ball
1-0: Foul Ball, location: 2F
1-1: Ball
2-1: Ball
3-1: Called Strike
3-2: Grounds into double play, 4-6-3 (Groundball, 4)
Top of the 9th over - 1 run(s), 2 hit(s), 0 error(s), 2 left on base; Florida 1 - Connecticut 7
Monday, December 5th, 2016 - OOTP Baseball 17.12 Build 75